2197 views
Uploaded 2022-06-09 22:48:00
Game version 1.32.10
14:50 long 1on1on1on1 ladder game on (4)Deathrose
Saved by IIlIIlIllIII
2197 views
Uploaded 2022-06-09 22:48:00
Game version 1.32.10
14:50 long 1on1on1on1 ladder game on (4)Deathrose

32 units @ 3.6k
/ 0.3k
22 buildings @ 3.6k
/ 1.3k



| Healing Salve | 3 | 300 |
| Scroll of Speed | 3 | 150 |
| Lesser Clarity Potion | 1 | 70 |
| Orb of Lightning | 1 | 375 |
| total: | 8 | 895g |
| Peon | 19 | 1425 | / | 0 |
| Grunt | 3 | 600 | / | 0 |
| Troll Headhunter | 3 | 420 | / | 60 |
| Kodo Beast | 1 | 255 | / | 60 |
| Troll Berserker | 5 | 700 | / | 100 |
| Raider | 1 | 180 | / | 40 |
| total: | 32 | 3580g | / | 260w |
| Watch Tower | 4 | 440 | / | 320 |
| Altar of Storms | 1 | 180 | / | 50 |
| Orc Burrow | 10 | 1600 | / | 400 |
| Barracks | 2 | 360 | / | 100 |
| Voodoo Lounge | 2 | 260 | / | 60 |
| Great Hall | 1 | 385 | / | 185 |
| War Mill | 1 | 205 | / | 0 |
| Beastiary | 1 | 145 | / | 140 |
| Stronghold | 1 | 315 | / | 190 |
| Fortress | 1 | 325 | / | 190 |
| total: | 22 | 3575g | / | 1255w |
| 0:03 | Peon |
| 0:04 | Altar of Storms |
| 0:11 | Peon |
| 0:19 | Orc Burrow |
| 0:30 | Peon |
| 0:34 | Barracks |
| 0:41 | Peon |
| 0:49 | Peon |
| 1:11 | Peon |
| 1:26 | Orc Burrow |
| 1:36 | Grunt |
| 1:42 | Voodoo Lounge |
| 2:02 | Grunt |
| 2:06 | Wind Walk |
| 2:20 | Peon |
| 2:32 | Grunt |
| 2:46 | Healing Salve |
| 2:53 | Stronghold |
| 3:11 | Healing Salve |
| 3:12 | Scroll of Speed |
| 3:43 | Critical Strike |
| 5:09 | Wind Walk |
| 5:13 | Great Hall |
| 5:17 | Peon |
| 5:33 | Fortress |
| 5:48 | War Mill |
| 6:05 | Orc Burrow |
| 6:33 | Hex |
| 6:34 | Healing Salve |
| 6:34 | Lesser Clarity Potion |
| 6:34 | Scroll of Speed |
| 6:45 | Beastiary |
| 6:57 | Barracks |
| 7:50 | Peon |
| 7:50 | Peon |
| 7:50 | Peon |
| 7:51 | Peon |
| 7:52 | Troll Headhunter |
| 7:58 | Liquid Fire |
| 8:00 | Peon |
| 8:00 | Peon |
| 8:29 | Troll Headhunter |
| 8:30 | Kodo Beast |
| 8:34 | Peon |
| 8:53 | Endurance Aura |
| 9:01 | Critical Strike |
| 9:04 | Orb of Lightning |
| 9:11 | Orc Burrow |
| 9:12 | Peon |
| 9:22 | Troll Headhunter |
| 9:23 | Berserker Upgrade |
| 9:41 | War Drums Damage Increase |
| 10:04 | Healing Wave |
| 10:06 | Troll Berserker |
| 10:14 | Voodoo Lounge |
| 10:17 | Troll Berserker |
| 10:18 | Raider |
| 10:18 | Ensnare |
| 10:19 | Troll Berserker |
| 10:40 | Pillage |
| 10:41 | Reinforced Defenses |
| 10:42 | Peon |
| 10:55 | Backpack |
| 10:58 | Troll Berserker |
| 10:59 | Troll Berserker |
| 11:06 | Orc Burrow |
| 11:20 | Watch Tower |
| 11:20 | Watch Tower |
| 11:46 | Watch Tower |
| 11:47 | Watch Tower |
| 11:59 | Peon |
| 11:59 | Peon |
| 12:18 | Orc Burrow |
| 12:54 | Spiked Barricades |
| 13:20 | Scroll of Speed |
| 13:27 | Orc Burrow |
| 13:29 | Orc Burrow |
| 14:37 | Orc Burrow |
| 14:39 | Orc Burrow |
| Right click | 950 |
| Select group | 906 |
| Chat | 608 |
| Select | 420 |
| Misc. action | 290 |
| Assign group | 175 |
| Build/train/purchase | 136 |
| Use ability | 31 |
| Item give/drop | 4 |
| Esc | 3 |
| Remove unit | 1 |
/ 0.3k
13 buildings @ 1.3k
/ 0.5k


| Peasant | 5 | 375 | / | 0 |
| Footman | 6 | 810 | / | 0 |
| Rifleman | 5 | 1025 | / | 150 |
| Priest | 3 | 405 | / | 30 |
| Sorceress | 2 | 310 | / | 40 |
| Knight | 1 | 245 | / | 60 |
| total: | 22 | 3170g | / | 280w |
| Scout Tower | 1 | 30 | / | 20 |
| Guard Tower | 1 | 70 | / | 50 |
| Farm | 7 | 560 | / | 140 |
| Altar of Kings | 1 | 180 | / | 50 |
| Lumber Mill | 1 | 120 | / | 0 |
| Barracks | 1 | 160 | / | 60 |
| Blacksmith | 1 | 140 | / | 60 |
| Arcane Sanctum | 1 | 150 | / | 140 |
| Keep | 1 | 320 | / | 210 |
| Castle | 1 | 360 | / | 210 |
| total: | 13 | 1340g | / | 470w |
| 0:05 | Peasant |
| 0:05 | Peasant |
| 0:05 | Peasant |
| 0:06 | Peasant |
| 0:24 | Farm |
| 0:29 | Peasant |
| 0:34 | Altar of Kings |
| 1:00 | Lumber Mill |
| 1:06 | Farm |
| 1:14 | Barracks |
| 1:51 | Blacksmith |
| 2:24 | Footman |
| 2:25 | Footman |
| 2:48 | Bash |
| 2:52 | Footman |
| 2:53 | Footman |
| 3:13 | Rifleman |
| 3:50 | Keep |
| 4:03 | Farm |
| 4:08 | Iron Forged Swords |
| 5:00 | Rifleman |
| 5:00 | Rifleman |
| 5:09 | Black Gunpowder |
| 5:26 | Iron Plating |
| 5:39 | Improved Lumber Harvesting |
| 5:50 | Farm |
| 6:07 | Studded Leather Armor |
| 6:31 | Storm Bolt |
| 6:39 | Farm |
| 6:44 | Refined Gunpowder |
| 7:04 | Arcane Sanctum |
| 7:18 | Farm |
| 7:56 | Priest |
| 7:56 | Priest |
| 7:58 | Priest Adept Training |
| 8:00 | Sorceress Adept Training |
| 8:20 | Scout Tower |
| 8:30 | Sorceress |
| 8:47 | Guard Tower |
| 9:06 | Storm Bolt |
| 9:33 | Long Rifles |
| 10:20 | Footman |
| 10:21 | Rifleman |
| 10:23 | Castle |
| 11:01 | Advanced Lumber Harvesting |
| 11:21 | Footman |
| 11:43 | Summon Water Elemental |
| 11:48 | Priest |
| 11:56 | Sorceress |
| 12:23 | Rifleman |
| 13:11 | Steel Plating |
| 13:13 | Knight |
| 13:43 | Thunder Clap |
| 14:21 | Animal War Training |
| 14:25 | Farm |
| 14:28 | Steel Forged Swords |
| Select | 133 |
| Right click | 85 |
| Build/train/purchase | 49 |
| Use ability | 10 |
| Misc. action | 3 |
/ 0.1k
11 buildings @ 2.2k
/ 0.8k


| Wisp | 23 | 1380 | / | 0 |
| Archer | 14 | 1820 | / | 140 |
| total: | 37 | 3200g | / | 140w |
| Altar of Elders | 1 | 180 | / | 50 |
| Moon Well | 5 | 900 | / | 200 |
| Ancient of War | 1 | 150 | / | 60 |
| Ancient of Wonders | 1 | 90 | / | 30 |
| Tree of Life | 2 | 680 | / | 370 |
| Hunter's Hall | 1 | 210 | / | 100 |
| Tree of Ages | 1 | 320 | / | 180 |
| Tree of Eternity | 1 | 330 | / | 200 |
| total: | 11 | 2210g | / | 810w |
| 0:01 | Wisp |
| 0:01 | Wisp |
| 0:06 | Altar of Elders |
| 0:09 | Moon Well |
| 0:21 | Wisp |
| 0:41 | Wisp |
| 0:51 | Wisp |
| 0:51 | Wisp |
| 0:51 | Wisp |
| 0:58 | Ancient of War |
| 1:06 | Wisp |
| 1:16 | Wisp |
| 1:16 | Wisp |
| 1:16 | Wisp |
| 1:32 | Moon Well |
| 1:47 | Moon Well |
| 1:59 | Archer |
| 2:22 | Ancient of Wonders |
| 2:23 | Archer |
| 2:37 | Breath of Fire |
| 2:42 | Archer |
| 2:43 | Wisp |
| 2:46 | Wisp |
| 2:59 | Archer |
| 3:12 | Wisp |
| 3:12 | Wisp |
| 3:48 | Drunken Haze |
| 3:53 | Archer |
| 3:54 | Tree of Ages |
| 4:11 | Moon Well |
| 4:29 | Archer |
| 5:06 | Archer |
| 5:13 | Tree of Life |
| 5:16 | Breath of Fire |
| 5:26 | Archer |
| 5:38 | Hunter's Hall |
| 5:55 | Archer |
| 6:36 | Archer |
| 6:36 | Archer |
| 6:41 | Archer |
| 7:52 | Tree of Eternity |
| 7:55 | Improved Bows |
| 8:04 | Cluster Rockets |
| 8:23 | Archer |
| 9:05 | Archer |
| 9:07 | Strength of the Moon |
| 9:08 | Moon Armor |
| 9:08 | Ultravision |
| 10:32 | Well Spring |
| 10:34 | Wisp |
| 10:35 | Wisp |
| 10:35 | Wisp |
| 10:35 | Wisp |
| 10:35 | Wisp |
| 11:48 | Tree of Life |
| 12:48 | Moon Well |
| 13:28 | Drunken Brawler |
| 13:57 | Wisp |
| 13:58 | Wisp |
| 13:58 | Wisp |
| Right click | 838 |
| Select | 317 |
| Assign group | 220 |
| Chat | 120 |
| Misc. action | 96 |
| Select group | 95 |
| Build/train/purchase | 72 |
| Use ability | 58 |
| Esc | 4 |
| Remove unit | 2 |
30 units @ 3.3k
/ 0.5k
15 buildings @ 2.4k
/ 1.1k


| Healing Salve | 3 | 300 |
| Lesser Clarity Potion | 5 | 350 |
| total: | 8 | 650g |
| Peon | 18 | 1350 | / | 0 |
| Troll Batrider | 12 | 1920 | / | 480 |
| total: | 30 | 3270g | / | 480w |
| Watch Tower | 4 | 440 | / | 320 |
| Altar of Storms | 1 | 180 | / | 50 |
| Orc Burrow | 5 | 800 | / | 200 |
| Voodoo Lounge | 1 | 130 | / | 30 |
| War Mill | 1 | 205 | / | 0 |
| Great Hall | 1 | 385 | / | 185 |
| Beastiary | 2 | 290 | / | 280 |
| Stronghold | 1 | 315 | / | 190 |
| Fortress | 1 | 325 | / | 190 |
| total: | 15 | 2430g | / | 1065w |
| 0:09 | Altar of Storms |
| 0:12 | Orc Burrow |
| 0:15 | Peon |
| 0:15 | Peon |
| 0:47 | Peon |
| 0:47 | Peon |
| 0:47 | Peon |
| 1:09 | Peon |
| 1:09 | Peon |
| 1:10 | Peon |
| 1:19 | Voodoo Lounge |
| 1:21 | Peon |
| 1:21 | Peon |
| 1:51 | Peon |
| 1:51 | Peon |
| 2:12 | War Mill |
| 2:15 | Peon |
| 2:15 | Peon |
| 2:17 | Mirror Image |
| 2:27 | Healing Salve |
| 2:28 | Lesser Clarity Potion |
| 3:24 | Lesser Clarity Potion |
| 3:24 | Lesser Clarity Potion |
| 3:28 | Stronghold |
| 4:16 | Orc Burrow |
| 4:19 | Watch Tower |
| 4:23 | Orc Burrow |
| 4:26 | Watch Tower |
| 4:28 | Lesser Clarity Potion |
| 5:07 | Critical Strike |
| 5:57 | Spiked Barricades |
| 5:58 | Fortress |
| 6:01 | Beastiary |
| 6:04 | Beastiary |
| 6:09 | Watch Tower |
| 6:13 | Orc Burrow |
| 6:19 | Orc Burrow |
| 6:22 | Watch Tower |
| 7:19 | Steel Ranged Weapons |
| 7:19 | Steel Armor |
| 7:24 | Improved Spiked Barricades |
| 8:03 | Healing Salve |
| 8:06 | Troll Batrider |
| 8:28 | Troll Batrider |
| 8:34 | Mirror Image |
| 9:29 | Healing Wave |
| 9:33 | Troll Batrider |
| 9:33 | Troll Batrider |
| 9:36 | Healing Salve |
| 9:37 | Lesser Clarity Potion |
| 10:09 | Great Hall |
| 10:48 | Troll Batrider |
| 10:51 | Liquid Fire |
| 11:27 | Troll Batrider |
| 12:03 | Troll Batrider |
| 12:49 | Peon |
| 12:49 | Peon |
| 12:49 | Peon |
| 12:49 | Peon |
| 13:35 | Troll Batrider |
| 13:35 | Troll Batrider |
| 13:52 | Troll Batrider |
| 13:56 | Troll Batrider |
| 14:19 | Troll Batrider |
| 14:45 | Thorium Ranged Weapons |
| Right click | 406 |
| Select | 178 |
| Build/train/purchase | 79 |
| Misc. action | 70 |
| Select group | 59 |
| Chat | 48 |
| Assign group | 27 |
| Use ability | 13 |
| Esc | 3 |
| Item give/drop | 2 |
โ